Map: 2000 Atmospheres LE

Players

Strange

  • Race: Protoss Protoss
  • League: Master

MarineLorD - Winner!

  • Race: Terran Terran
  • League: Master

Event: DreamHack SC2 Masters 2021 Summer

VOD

Have the link to the VOD?

Description

Time

  • Played on: May 30, 2021, 12:51 p.m.
  • Length: 4:31

All games in this series

Show
View Real Time Build Order
Export as new Build Order

Strange Protoss 

Build Orders: 1 Gate Expand 

Get SALT Encoding   

  12  0:00  Probe  
  13  0:12  Probe  
  14  0:16  Pylon  
  14  0:24  Probe (Chrono Boost)  
  16  0:36  Probe (Chrono Boost), Gateway  
  16  0:42  Probe (Chrono Boost)  
  16  0:45  Assimilator  
  17  0:51  Probe  
  18  1:03  Probe  
  19  1:15  Probe  
  20  1:21  Nexus  
  20  1:30  Cybernetics Core  
  20  1:32  Probe  
  21  1:37  Assimilator  
  21  1:44  Probe  
  22  1:48  Pylon  
  22  1:56  Probe  
  23  2:03  Stalker (Chrono Boost)  
  23  2:06  Warp Gate  
  25  2:09  Probe (Chrono Boost)  
  26  2:19  Probe (Chrono Boost), Twilight Council  
  27  2:25  Probe (Chrono Boost)  
  28  2:30  Stalker  
  28  2:33  Probe (Chrono Boost)  
  32  2:41  Probe (Chrono Boost)  
  32  2:42  Probe (Chrono Boost)  
  33  2:47  Probe (Chrono Boost)  
  33  2:48  Probe  
  35  2:59  Probe  
  35  3:00  Probe  
  37  3:11  Probe (Chrono Boost), Gateway  
  38  3:13  Gateway  
  38  3:15  Probe (Chrono Boost)  
  34  3:23  Probe (Chrono Boost)  
  35  3:31  Probe (Chrono Boost)  
  35  3:32  Probe (Chrono Boost)  
  34  3:38  Probe (Chrono Boost)  
  36  3:43  Probe (Chrono Boost)  
  36  3:47  Probe (Chrono Boost)  
  37  3:51  Probe (Chrono Boost)  
  37  3:52  Probe (Chrono Boost)  
  39  3:59  Nexus  
  39  4:02  Probe  
  40  4:03  Pylon  
  40  4:04  Probe  
  40  4:06  Sentry  
  43  4:11  Stalker  
  43  4:14  Probe  
  43  4:16  Pylon  
  46  4:22  Robotics Facility  
Show
View Real Time Build Order
Export as new Build Order

MarineLorD Terran - Winner!

Build Orders:  

Get SALT Encoding   

  12  0:00  SCV  
  13  0:12  SCV  
  14  0:17  Supply Depot  
  14  0:24  SCV  
  15  0:38  SCV  
  15  0:40  Barracks  
  16  0:44  Refinery  
  16  0:50  SCV  
  16  0:54  Refinery  
  17  1:02  SCV  
  18  1:14  SCV  
  19  1:27  Marine  
  19  1:28  Orbital Command  
  20  1:35  Supply Depot  
  20  1:41  Factory  
  20  1:48  Barracks Reactor  
  20  1:53  SCV  
  21  2:05  SCV  
  22  2:17  SCV, Supply Depot  
  23  2:30  SCV  
  23  2:31  Starport  
  23  2:33  Hellion x2  
  28  2:42  SCV  
  29  2:52  Supply Depot  
  29  2:54  Widow Mine x2, SCV  
  34  3:00  Armory  
  34  3:06  SCV  
  34  3:08  Medivac  
  37  3:24  Widow Mine x2, SCV  
  38  3:35  Barracks Tech Lab  
  38  3:41  Command Center  
  38  3:45  Widow Mine  
  42  3:48  Widow Mine  
  42  3:52  Supply Depot  
  42  3:56  Medivac  
  46  4:02  Marauder  
  46  4:04  SCV  
  51  4:17  SCV  
Tags
 
Add a new tag
Caveats
  • Supply blocks, unpowered buildings, or Contaminate may cause inaccurate times.
  • Supply counts are checked every 10 seconds.